 Dungeon Crawl Stone Soup version 0.18-a0-1805-g8ab820f (webtiles) character file.

1400 Mefis the Magician (level 9, -3/52 HPs)
             Began as a Human Wizard on Apr 25, 2016.
             Slain by a warg (7 damage)
             ... on level 6 of the Dungeon.
             The game lasted 01:27:01 (11285 turns).

Mefis the Magician (Human Wizard)                  Turns: 11285, Time: 01:27:01

Health: -3/52      AC:  5    Str:  7    XL:     9   Next: 1%
Magic:  1/17       EV: 12    Int: 23    God:
Gold:   328        SH:  0    Dex: 11    Spells: 6 memorised, 6 levels left

rFire  + . .     SeeInvis .     f - +0 hunting sling
rCold  . . .     Gourm    .     x - +0 robe
rNeg   . . .     Faith    .     (no shield)
rPois  .         Spirit   .     b - +0 hat
rElec  .         Dismiss  .     v - +0 cloak
rCorr  .         Reflect  .     (no gloves)
SustAt .         Harm     .     (no boots)
MR     .....     Clarity  +     k - amulet of rage
Stlth  ++........               (no ring)
                                y - ring of wizardry

@: repel missiles, not resistant to hostile enchantments, unstealthy
A: talons 1, icy blue scales 1, molten scales 1, blurry vision 1, clarity, fire
resistance 1, frail 1, sense surroundings 1, evolution 1
a: Evoke Berserk Rage


You were on level 6 of the Dungeon.
You were not hungry.

You visited 1 branch of the dungeon, and saw 8 of its levels.

You collected 328 gold pieces.

Inventory:

Hand Weapons
 f - a +0 hunting sling (weapon)
 h - a +0 dagger
 m - a +2 short sword of venom
 C - a +0 dagger of protection
Missiles
 a - 34 poisoned needles
 g - 6 tomahawks
 j - 129 stones (quivered)
 o - 137 sling bullets
 B - 4 tomahawks of returning
 E - 2 throwing nets
Armour
 b - a +0 hat (worn)
 v - a +0 cloak (worn)
 x - a +0 robe (worn)
Jewellery
 k - an amulet of rage (around neck)
 y - a ring of wizardry (left hand)
Wands
 K - a wand of random effects (13/48)
 M - a wand of flame (23/48)
Scrolls
 e - a scroll of random uselessness
 l - 3 scrolls of teleportation
 n - 2 scrolls of noise {unknown}
 p - 4 scrolls of remove curse
 r - a scroll of enchant armour {unknown}
 w - 3 scrolls of identify
 H - a scroll of magic mapping {unknown}
 L - a scroll of enchant weapon {unknown}
 O - a scroll of blinking {unknown}
Potions
 s - a potion of berserk rage {unknown}
 t - a potion of might {unknown}
 u - a potion of curing {unknown}
 z - a potion of magic {unknown}
 A - 2 potions of degeneration
 F - a potion of brilliance {unknown}
 G - a potion of heal wounds
 J - a potion of flight {unknown}
 N - a potion of cancellation {unknown}
Books
 c - a book of Minor Magic

   Spells                             Type                      Level
   a - Magic Dart                     Conjuration                  1
   b - Blink                          Translocation                2
   c - Call Imp                       Summoning                    2
   d - Repel Missiles                 Charms/Air                   2
   e - Slow                           Hexes                        2
   f - Conjure Flame                  Conjuration/Fire             3
   g - Mephitic Cloud                 Conjuration/Poison/Air       3
 P - the Collected Works on Burning Boosts
   (You found it on level 6 of the Dungeon)

   Spells                             Type                      Level
   a - Sticky Flame                   Conjuration/Fire             4
   b - Excruciating Wounds            Charms/Necromancy            5
   c - Warp Weapon                    Charms/Translocation         5
   d - Bolt of Fire                   Conjuration/Fire             6
Comestibles
 d - 2 bread rations
 i - a royal jelly
 q - a beef jerky
 D - a meat ration
 I - 2 slices of pizza


   Skills:
 + Level 0.6 Fighting
 + Level 0.2 Short Blades
 + Level 1.8(2.6) Slings
 * Level 2.8(3.1) Throwing
 + Level 2.6 Dodging
 * Level 3.8 Stealth
 * Level 5.6 Spellcasting
 * Level 3.3 Conjurations
 + Level 0.2 Charms
 * Level 3.4 Summonings
 * Level 2.9 Translocations
 + Level 0.2 Fire Magic
 * Level 2.7 Air Magic
 * Level 2.8 Poison Magic


You had 6 spell levels left.
You knew the following spells:

 Your Spells              Type           Power        Failure   Level  Hunger
a - Magic Dart            Conj           ###.         1%          1    None
b - Call Imp              Summ           ###.....     1%          2    None
c - Blink                 Tloc           N/A          1%          2    None
d - Repel Missiles        Chrm/Air       ##....       4%          2    None
e - Mephitic Cloud        Conj/Pois/Air  ###.....     4%          3    ##.....
f - Conjure Flame         Conj/Fire      ##......     6%          3    ##.....


Dungeon Overview and Level Annotations

Branches:
Dungeon (8/15)
 Temple: D:4-7         Lair: D:8-11

Altars:
Ashenzari
Dithmenos
Elyvilon
Fedhas
Makhleb
Qazlal
Trog

Shops:
D:6 (


Innate Abilities, Weirdness & Mutations

You have sharp toenails.
You are partially covered in icy blue scales (AC +1).
You are partially covered in molten scales (AC +1).
Scrolls take you a little longer to read.
You possess an exceptional clarity of mind.
Your flesh is heat resistant.
You are frail (-10% HP).
You passively map a small area around you.
You evolve.


Message History

Press: ? - help, Shift-Dir - straight line, f/p - warg
Aim: a warg (heavily wounded)
You shoot a stone. The stone barely misses the warg.
Casting: Conjure Flame
Confirm with . or Enter, or press ? or * to list all spells.
You blink.
The warg bites you.
* * * LOW HITPOINT WARNING * * *
The warg completely misses you.
Casting: Blink
Confirm with . or Enter, or press ? or * to list all spells.
You blink.
The warg closely misses you.
There is a stone staircase leading down here.
The warg bites you.
* * * LOW HITPOINT WARNING * * *
There is an open door here.
Drink which item? (? for menu, Esc to quit)
Okay, then.
The warg bites you!
You die...

#.##..#.#.......# #.#
#.##..#....#...## #.#
...........##.## #.#
#.#.....#####># #.## #........##
#.# #..# #.........###'## ##.#
##.......###...## #.#
......[.###....h## ### #.#
.......###......@## ##.###%#
##....###.........####<..##.#
).......+.........'.......#.####
#.....###.........####.........#
#.#..## ##.......## ##.###.##.#
#.##.# ##.....## #.###.##.#
#.##.# ##...## #.....##.# .....#
##+## #.######.# #.#### #.#
#.######.#


You could see a warg.

Vanquished Creatures
  Eustachio (D:6)
  A black bear (D:6)
  2 sky beasts
  An ogre (D:6)
  2 centaurs
  A jelly (D:7)
  2 orc priests (D:6)
  A hound (D:6)
  An orc wizard (D:6)
  An iguana (D:6)
  A worker ant (D:6)
  5 gnolls
  2 adders
  2 oozes
  An adder skeleton (D:5)
  5 dart slugs
  A giant gecko (D:1)
  12 orcs
  3 ball pythons
  3 giant cockroaches
  13 goblins
  11 hobgoblins
  4 jackals
  7 kobolds
  10 bats
  5 giant newts
  15 rats
113 creatures vanquished.

Vanquished Creatures (collateral kills)
  A warg (D:6)
  A sky beast (D:4)
  An ogre (D:5)
  A centaur (D:6)
  A scorpion (D:5)
  An orc wizard (D:4)
  2 hounds
  2 giant frog skeletons
  6 worker ants
  Robin (D:4)
  A gnoll (D:5)
  6 adders
  An adder zombie (D:5)
  A worm (D:2)
  6 orcs
  A bat (D:3)
  2 giant cockroaches
  2 goblins
  A hobgoblin (D:3)
  8 jackals
  A quokka (D:4)
  A jackal zombie (D:5)
48 creatures vanquished.

Vanquished Creatures (others)
  A plant (D:7)
1 creature vanquished.

Grand Total: 162 creatures vanquished

Notes
Turn   | Place    | Note
--------------------------------------------------------------
     0 | D:1      | Mefis the Human Wizard began the quest for the Orb.
     0 | D:1      | Reached XP level 1. HP: 13/13 MP: 4/4
   438 | D:1      | Reached XP level 2. HP: 19/19 MP: 4/6
   442 | D:1      | Learned a level 2 spell: Call Imp
   445 | D:1      | Learned a level 2 spell: Blink
   448 | D:1      | Learned a level 2 spell: Repel Missiles
  1134 | D:1      | Reached XP level 3. HP: 24/24 MP: 3/7
  2187 | D:2      | Reached XP level 4. HP: 30/30 MP: 2/9
  2322 | D:2      | Found a shadowy altar of Dithmenos.
  2324 | D:2      | Found a stormy altar of Qazlal.
  2742 | D:2      | Reached skill level 1 in Air Magic
  3230 | D:3      | Reached XP level 5. HP: 35/35 MP: 2/10
  3351 | D:3      | Found a blossoming altar of Fedhas.
  3351 | D:3      | Found a bloodstained altar of Trog.
  3351 | D:3      | Found a burning altar of Makhleb.
  3675 | D:3      | Found a shattered altar of Ashenzari.
  4056 | D:3      | Reached skill level 1 in Throwing
  4653 | D:4      | Noticed Robin
  4659 | D:4      | Learned a level 3 spell: Mephitic Cloud
  4692 | D:5      | Entered Level 5 of the Dungeon
  4692 | D:5      | Noticed an ogre
  5062 | D:5      | Reached skill level 4 in Spellcasting
  5064 | D:5      | Reached XP level 6. HP: 40/41 MP: 0/12
  5580 | D:5      | Killed an ogre
  5801 | D:5      | Learned a level 3 spell: Conjure Flame
  6076 | D:4      | Killed Robin
  6281 | D:4      | Reached skill level 1 in Poison Magic
  6286 | D:4      | Noticed a sky beast
  6369 | D:4      | Killed a sky beast
  6369 | D:4      | Reached XP level 7. HP: 15/46 MP: 2/13
  6377 | D:4      | Gained mutation: Scrolls take you a little longer to read. [mutagenic meat]
  6378 | D:4      | Gained mutation: You evolve. [mutagenic meat]
  6379 | D:4      | Gained mutation: Your flesh is heat resistant. [mutagenic meat]
  6380 | D:4      | Gained mutation: You regenerate slowly when monsters are visible. [mutagenic meat]
  6987 | D:5      | Found a white marble altar of Elyvilon.
  7415 | D:6      | Reached skill level 1 in Slings
  7513 | D:6      | Reached XP level 8. HP: 53/53 MP: 12/15
  7560 | D:6      | Reached skill level 5 in Spellcasting
  7882 | D:6      | Noticed Eustachio
  7905 | D:6      | Killed Eustachio
  7996 | D:6      | You fall through a shaft for 2 floors!
  8304 | D:7      | Lost mutation: You regenerate slowly when monsters are visible. [evolution]
  9339 | D:6      | Found Warorrum's Antique Weapon Emporium.
 10328 | D:6      | Identified the Collected Works on Burning Boosts (You found it on level 6 of the Dungeon)
 10429 | D:6      | Gained mutation: You are frail (-10% HP). [mutagenic meat]
 10430 | D:6      | Gained mutation: You are partially covered in molten scales (AC +1). [mutagenic meat]
 10431 | D:6      | Gained mutation: You have sharp toenails. [mutagenic meat]
 10432 | D:6      | Gained mutation: You possess an exceptional clarity of mind. [mutagenic meat]
 10434 | D:6      | Gained mutation: You passively map a small area around you. [mutagenic meat]
 10665 | D:6      | Gained mutation: You are partially covered in icy blue scales (AC +1). [evolution]
 10882 | D:6      | Reached XP level 9. HP: 15/52 MP: 7/17
 11244 | D:6      | HP: 2/52 [warg (6)]
 11285 | D:6      | Slain by a warg

Vault maps used:
D:1:      lightli_arrival_isolated_outpost, hangedman_decor_peaks_small
D:2:      nicolae_overflow_hidden_temple
D:3:      evilmike_ruin_ashenzari, gammafunk_temple_overflow_forgotten,
          kennysheep_boxes
D:4:      uniq_robin
D:5:      lemuel_doored_altar, first_bread
D:6:      serial_shops, shop, uniq_eustachio
D:7:      lemuel_castle_with_subvaults, temple_hall, the_bakery, st_stairs_3,
          item_on_display_a
D:8:      uniq_erolcha

Skill      XL: |  1  2  3  4  5  6  7  8 |
---------------+-------------------------+-----
Air Magic      | 1 2 |  2.7
Throwing       | 1 2 |  2.8
Translocations | 2 |  2.9
Spellcasting   | 4 5 |  5.6
Summonings     | 2 3 |  3.4
Conjurations   | 2 3 |  3.3
Poison Magic   | 1 2 |  2.8
Slings         | 1 |  1.8
Stealth        | 3 |  3.8
Fighting       | |  0.6
Short Blades   | |  0.2
Dodging        | |  2.6
Charms         | |  0.2
Fire Magic     | |  0.2

Action                   |  1- 3 |  4- 6 |  7- 9 || total
-------------------------+-------+-------+-------++-------
Melee: Dagger            |    20 |    20 |     3 ||    43
       Club              |     1 |       |       ||     1
       Short sword       |       |    12 |     1 ||    13
       Hunting sling     |       |       |     2 ||     2
 Fire: Hunting sling     |       |    41 |   154 ||   195
Throw: Stone             |       |    17 |     6 ||    23
       Tomahawk          |       |       |     6 ||     6
 Cast: Magic Dart        |    94 |   104 |    42 ||   240
       Repel Missiles    |     1 |       |     3 ||     4
       Call Imp          |     2 |    47 |    41 ||    90
       Mephitic Cloud    |       |    11 |    34 ||    45
       Blink             |       |     2 |    16 ||    18
       Conjure Flame     |       |     1 |    23 ||    24
  Use: Potion            |       |     3 |       ||     3
       Scroll            |       |     1 |     3 ||     4
 Stab: Sleeping          |     3 |     1 |     1 ||     5
       Distracted        |       |     1 |       ||     1
       Confused          |       |       |     1 ||     1
  Eat: Chunk             |     4 |    12 |    17 ||    33
       Beef jerky        |       |     1 |       ||     1
       Bread ration      |       |       |     3 ||     3
Armor: Robe              |     6 |    35 |    18 ||    59
Dodge: Dodged            |    20 |    98 |    67 ||   185
       Deflected         |       |     4 |     2 ||     6
